 Dungeon Crawl Stone Soup version 0.23.0-3-gf3c87f2 (webtiles) character file.

Game seed: 16732078208847465151

98 Irenicus the Chopper (level 4, -5/42 HPs)
             Began as a Deep Dwarf Monk on Feb 23, 2019.
             Slain by Crazy Yiuf
             ... wielding a +3 quarterstaff of chaos
              (10 damage)
             ... on level 2 of the Dungeon.
             The game lasted 00:06:28 (996 turns).

Irenicus the Chopper (Deep Dwarf Monk)               Turns: 996, Time: 00:06:28

Health: -5/42      AC:  3    Str: 14 (15) XL:     4   Next: 43%
Magic:  0/4        EV: 13    Int:  8 (10) God:
Gold:   70         SH:  0    Dex: 13 (16) Spells: 3/3 levels left

rFire    . . .     SeeInvis .   a - +0 hand axe
rCold    . . .     Gourm    .   (no shield)
rNeg     . . .     Faith    .   i - +0 leather armour
rPois    .         Spirit   .   (no helmet)
rElec    .         Reflect  .   (no cloak)
rCorr    .         Harm     .   (no gloves)
MR       .....                  (no boots)
Stlth    ++........             (no amulet)
HPRegen  0.00/turn              (no ring)
MPRegen  0.09/turn              (no ring)

@: lethally poisoned (-5 -> -5), very slightly contaminated, non-regenerating,
invisible
A: damage resistance, heal wounds, sense surroundings 1, no regeneration
a: Heal Wounds


You were on level 2 of the Dungeon.
You were hungry.

You visited 1 branch of the dungeon, and saw 2 of its levels.

You collected 70 gold pieces.

Inventory:

Hand Weapons
 a - a +0 hand axe (weapon)
Armour
 i - a +0 leather armour (worn)
   (You found it on level 2 of the Dungeon)
Wands
 g - a wand of acid (5)
   (You found it on level 2 of the Dungeon)
Scrolls
 b - a scroll of remove curse {unknown}
 d - a scroll of immolation {unknown}
 e - 2 scrolls of identify {unknown}
Potions
 f - a potion of curing
Comestibles
 c - 2 rations


   Skills:
 - Level 3.2 Fighting
 + Level 4.1 Axes
 - Level 4.0 Dodging
 + Level 3.8 Stealth


You had 3 spell levels left.
You didn't know any spells.
Your spell library was empty.

Dungeon Overview and Level Annotations

Branches:
Dungeon (2/15)

Altars:
Hepliaklqana

Annotations:
D:2 Crazy Yiuf


Innate Abilities, Weirdness & Mutations

You are resistant to damage.
You can heal yourself by infusing magical energy.
You passively map a small area around you.
You do not regenerate.


Message History

You finish taking off your +0 robe.
You start putting on your armour.
You continue putting on your leather armour. x5
You finish putting on your +0 leather armour.
Drop what? 9/52 slots (_ for help) (? for menu, Esc to quit)
You drop a +0 robe.
A hobgoblin comes into view. It is wielding a +0 club.
The hobgoblin shouts!
You hear an angry hiss.
You hear a shout!
A bat comes into view.
A frilled lizard comes into view.
The hobgoblin closely misses you.
You hit the hobgoblin but do no damage. You closely miss the frilled lizard.
The frilled lizard bites you.
The hobgoblin hits you but does no damage.
You take 1 damage, and have 18/42 hp.
You slash the hobgoblin!
You kill the hobgoblin!
You barely miss the frilled lizard.
The frilled lizard bites you but does no damage.
The frilled lizard bites you.
You hit the frilled lizard.
You kill the frilled lizard!
A goblin comes into view. It is wielding a +0 club.
The bat hits you but does no damage.
You hit the bat.
You kill the bat!
You hit the goblin.
You kill the goblin!
Things that are here:
a +0 club; a goblin corpse
f - 2 bubbling sapphire potions (gained 1)
A kobold comes into view.
The kobold moves out of view.
The kobold shouts!
The kobold closely misses you.
You closely miss the kobold. The kobold closely misses you.
You hit the kobold. The kobold misses you.
You closely miss the kobold. The kobold barely misses you.
You hit the kobold.
You kill the kobold!
b - a scroll labeled GITTUA GISHRI You hit the fungus.
You hit the fungus but do no damage. You hit the fungus.
You hit the fungus but do no damage. You hit the fungus. x2
You completely miss the fungus. You hit the fungus. You hit the fungus. x2
You hit the fungus. You hit the fungus but do no damage. You hit the fungus.
You hit the fungus but do no damage. You hit the fungus.
You completely miss the fungus. You slash the fungus! You hit the fungus.
You hit the fungus. x2
You hit the fungus but do no damage. You hit the fungus. You hit the fungus. x2
You hit the fungus. You hit the fungus but do no damage. You hit the fungus.
You destroy the fungus!
You hit the fungus.
Here: Crazy Yiuf, wielding a +3 quarterstaff of chaos and wearing a +2 cloak (resting, fire blocked by a runed translucent door)
The floor.
It was a potion of curing.
You feel better.
You regained 5 hp, and now have 23/42 hp.
Crazy Yiuf shouts!
It was a potion of degeneration.
There was something very wrong with that liquid.
You feel weakened.
You feel dopey.
You feel clumsy.
You feel much better.
You regained 16 hp, and now have 39/42 hp.
You open the door.
Crazy Yiuf grits, "Sif Muna sing sizzlefizz!"
You slash Crazy Yiuf! Crazy Yiuf closely misses you.
You hit Crazy Yiuf.
Crazy Yiuf hits you with a +3 quarterstaff of chaos!
Crazy Yiuf draws strength from your wounds!
You take 8 damage, and have 31/42 hp.
You hit Crazy Yiuf.
Crazy Yiuf hits you with a +3 quarterstaff of chaos!
You feel your power leaking away.
You take 13 damage, and have 18/42 hp.
MASSIVE DAMAGE!!
You now have 0/4 mp.
You hit Crazy Yiuf. Crazy Yiuf closely misses you.
You slash Crazy Yiuf!
Crazy Yiuf whimpers, "Sif Muna!"
Crazy Yiuf hits you with a +3 quarterstaff of chaos.
Crazy Yiuf freezes you.
You hit Crazy Yiuf. Crazy Yiuf closely misses you.
You barely miss Crazy Yiuf. Crazy Yiuf closely misses you.
You closely miss Crazy Yiuf.
Crazy Yiuf hits you with a +3 quarterstaff of chaos!
* * * LOW HITPOINT WARNING * * *
You fade into invisibility!
You are very lightly contaminated with residual magic.
You take 10 damage, and have 8/42 hp.
MASSIVE DAMAGE!!
You hit Crazy Yiuf but do no damage.
Crazy Yiuf hits you with a +3 quarterstaff of chaos.
* * * LOW HITPOINT WARNING * * *
You are poisoned.
You take 3 damage, and have 5/42 hp.
You are feeling hungry.
You barely miss Crazy Yiuf.
Crazy Yiuf hits you with a +3 quarterstaff of chaos!
You die...

.....#####......#
..........##.+.## * *
* * ..........##...#
........########
........# *
........##♣♣♣♣♣ ** ,
........#.♣.♣.♣♣♣ ###
*
...........P.♣..♣#...#
..........PP♣♣♣♣@g...#
, ........#.P♣♣
♣♣#..)# .......)##♣♣
### , ........# *
.)####### , ..###..+
*** * .......# * ..
....)..#, ,, * ..
.......# ..


You could see Crazy Yiuf.

Vanquished Creatures
  A crimson imp (D:2)
  Jessica (D:2)
  A gnoll (D:1)
  An ooze (D:2)
  A giant cockroach (D:1)
  2 hobgoblins
  3 jackals (D:2)
  4 kobolds
  5 bats
  4 frilled lizards
  A goblin (D:2)
  A rat (D:2)
  A fungus (D:2)
26 creatures vanquished.

Notes
Turn   | Place    | Note
-------+----------+-------------------------------------------
     0 | D:1      | Irenicus the Deep Dwarf Monk began the quest for the Orb.
     0 | D:1      | Reached XP level 1. HP: 20/20 MP: 1/1
     3 | D:1      | Noticed an electric eel
     3 | D:1      | Noticed an electric eel
   207 | D:1      | Reached XP level 2. HP: 20/27 MP: 2/2
   403 | D:2      | Noticed a crimson imp
   409 | D:2      | Noticed Jessica
   423 | D:2      | Killed Jessica
   423 | D:2      | Reached skill level 3 in Fighting
   423 | D:2      | Reached skill level 3 in Stealth
   423 | D:2      | Reached XP level 3. HP: 19/34 MP: 3/3
   454 | D:2      | Reached skill level 4 in Axes
   454 | D:2      | Reached XP level 4. HP: 23/42 MP: 4/4
   542 | D:2      | Reached skill level 4 in Dodging
   855 | D:2      | Found a hazy altar of Hepliaklqana.
   979 | D:2      | Found a runed translucent door.
   980 | D:2      | Noticed Crazy Yiuf
   994 | D:2      | HP: 8/42 [Crazy Yiuf/+3 quarterstaff of chaos (10)]
   996 | D:2      | Slain by Crazy Yiuf

Skill      XL: |  1  2  3  4 |
---------------+-------------+-----
Fighting       | 3 |  3.2
Stealth        | 3 |  3.8
Axes           | 4 |  4.1
Dodging        | 4 |  4.0

Action                   |  1- 3 |  4- 6 || total
-------------------------+-------+-------++-------
Melee: Hand axe          |    54 |    73 ||   127
 Abil: Heal Wounds       |       |     1 ||     1
  Use: Potion            |       |     2 ||     2
 Stab: Sleeping          |     2 |       ||     2
Armor: Robe              |     9 |     7 ||    16
       Leather armour    |       |     3 ||     3
Dodge: Dodged            |    38 |    39 ||    77

Levels and vault maps discovered:
D:1:      arrival_aquarium_b, layout_basic, hangedman_decor_riveting,
          hangedman_decor_push
D:2:      layout_basic, marbit_many_paths, lemuel_round_altar,
          old_standard_altar, uniq_jessica, uniq_crazy_yiuf_cottage

Table legend:
 A = Turns spent in this place as a percentage of turns spent in the entire game.
 B = Non-inter-level travel turns spent in this place as a percentage of non-inter-level travel turns spent in the entire game.
 C = Inter-level travel turns spent in this place as a percentage of turns spent in this place.
 D = Turns resting spent in this place as a percentage of non-inter-level travel turns spent in this place.
 E = Turns spent auto-exploring this place as a percentage of non-inter-level travel turns spent in this place.
 F = Non-inter-level travel turns spent in this place divided by the number of levels of this place that you've seen.
                   A       B       C       D       E      F
               +-------+-------+-------+-------+-------+----------------------
         Total | 100.0 | 100.0 |   1.6 |   0.0 |   0.0 | 490.0
       Dungeon | 100.0 | 100.0 |   1.6 |   0.0 |   0.0 | 490.0
               +-------+-------+-------+-------+-------+----------------------

Table legend:
 A = Kills in this place as a percentage of kills in entire the game.
 B = Kills by you in this place as a percentage of kills by you in the entire game.
 C = Kills by friends in this place as a percentage of kills by friends in the entire game.
 D = Other kills in this place as a percentage of other kills in the entire game.
 E = Experience gained in this place as a percentage of experience gained in the entire game.
 F = Experience gained in this place divided by the number of levels of this place that you have seen.
                   A       B       C       D       E      F
               +-------+-------+-------+-------+-------+----------------------
         Total | 100.0 | 100.0 |   N/A |   N/A | 100.0 |  70.0
       Dungeon | 100.0 | 100.0 |   N/A |   N/A | 100.0 |  70.0
               +-------+-------+-------+-------+-------+----------------------
